 Dungeon Crawl Stone Soup version 0.15-a0-1269-g8ca96ae (webtiles) character file.

326 Quh the Shooter (level 6, -4/43 HPs)
             Began as a Demonspawn Hunter on June 5, 2014.
             Slain by a killer bee (6 damage)
             ... on Level 4 of the Dungeon.
             The game lasted 00:10:36 (3489 turns).

Quh the Shooter (Demonspawn Hunter)                 Turns: 3489, Time: 00:10:36

HP  -4/43        AC  4     Str 13      XL: 6   Next: 24%
MP   0/6         EV 11     Int 16      God:
Gold 154         SH  0     Dex 13      Spells:  0 memorised,  5 levels left

rFire  + . .     SeeInvis .     b - +1 shortbow
rCold  x . .     Clarity  .     d - +0 leather armour
rNeg   . . .     rCorr    .     (no shield)
rPois  .         rRot     .     (helmet restricted)
rElec  .         Spirit   +     (no cloak)
SustAb .         Warding  .     (no gloves)
rMut   .         Stasis   .     h - +0 pair of boots
Gourm  .                        (no amulet)
MR     .....                    s - ring of fire
                                m - +2 ring of intelligence

@: lethally poisoned, not resistant to hostile enchantments, very unstealthy
A: horns 1, spiny 1, magic shield
a: no special abilities


You were on level 4 of the Dungeon.
You were not hungry.

You visited 1 branch of the dungeon, and saw 4 of its levels.

You collected 154 gold pieces.

Inventory:

Hand weapons
 a - a +0,+0 short sword
 b - a +1,+1 shortbow (weapon)
 i - a +0,+0 short sword
 r - a +1,+0 vampiric dagger
Missiles
 c - 27 arrows (quivered)
 j - 45 stones
Armour
 d - a +0 leather armour (worn)
 h - a +0 pair of boots (worn)
 u - a +0 plate armour
Comestibles
 f - 2 bread rations
 g - a slice of pizza
 n - a meat ration
Scrolls
 o - a scroll of fog {unknown}
 q - a scroll of teleportation {unknown}
 t - 2 scrolls of identify {unknown}
 v - a scroll of magic mapping {unknown}
 w - a scroll of random uselessness {unknown}
Jewellery
 m - a +2 ring of intelligence (left hand)
 s - a ring of fire (right hand)
Potions
 e - 2 potions of heal wounds {unknown}
 k - 4 potions of curing {unknown}
 l - a potion of degeneration {unknown}
 p - a potion of poison {unknown}


   Skills:
 - Level 1.0 Fighting
 * Level 6.9 Bows
 - Level 1.7 Dodging
 - Level 0.8 Stealth


You had 5 spell levels left.
You didn't know any spells.

Dungeon Overview and Level Annotations

Branches:
Dungeon (4/15)
 Temple: D:4-7

Altars:
Ashenzari


Innate Abilities, Weirdness & Mutations

You have a pair of small horns on your head.
You are partially covered in sharp spines.
When hurt, damage is shared between your health and your magic reserves.


Message History

Aim: a killer bee (moderately wounded)
You shoot an arrow. The arrow misses the killer bee.
You feel sick.
Firing (i - inventory. (,) - cycle):
c - 28 arrows (quivered)
Press: ? - help, Shift-Dir - straight line, f/p - killer bee
Aim: a killer bee (moderately wounded)
You shoot an arrow. The arrow misses the killer bee.
You feel sick. The killer bee stings you.
You are lethally poisoned!
The killer bee poisons you! The killer bee barely misses you.
A killer bee comes into view.
You feel sick. The killer bee barely misses you.
You feel sick.
You feel sick. The killer bee misses you. The killer bee stings you!
* * * LOW HITPOINT WARNING * * *
There is a stone staircase leading up here.
* * * LOW HITPOINT WARNING * * *
You feel sick. The killer bee stings you.
* * * LOW HITPOINT WARNING * * *
The killer bee stings you. x2
You die...

#.....(8(8...y.y.
#.....(.(########
#........#
#.......##
#....(..#
#......y#
#.......#
#..yy...#
#..@....#
#.......#
#########


You could see 3 killer bees.

Vanquished Creatures
  A phantom (D:3)
  A killer bee (D:4)
  An orc priest (D:3)
  An orc wizard (D:3)
  A worker ant (D:4)
  5 adders
  A gnoll (D:1)
  A worm (D:3)
  An adder zombie (D:4)
  3 orcs (D:3)
  2 ball pythons
  6 giant cockroaches
  5 hobgoblins
  3 quokkas
  4 bats
  A giant gecko (D:1)
  4 giant newts
  3 goblins
  A hobgoblin zombie (D:4)
  7 kobolds
  An orc zombie (D:3)
  7 rats
60 creatures vanquished.

Notes
Turn   | Place    | Note
--------------------------------------------------------------
     0 | D:1      | Quh, the Demonspawn Hunter, began the quest for the Orb.
     0 | D:1      | Reached XP level 1. HP: 15/15 MP: 1/1
   395 | D:1      | Reached skill level 4 in Bows
   598 | D:1      | Gained mutation: You are partially covered in sharp spines. [demonic ancestry]
   598 | D:1      | Reached XP level 2. HP: 9/21 MP: 2/2
  1183 | D:1      | Reached XP level 3. HP: 22/26 MP: 3/3
  1573 | D:2      | Found a shattered altar of Ashenzari.
  2331 | D:3      | Noticed a phantom
  2346 | D:3      | Killed a phantom
  2346 | D:3      | Reached skill level 5 in Bows
  2346 | D:3      | Gained mutation: You have a pair of small horns on your head. [demonic ancestry]
  2346 | D:3      | Reached XP level 4. HP: 8/32 MP: 4/4
  2364 | D:3      | Reached XP level 5. HP: 11/37 MP: 5/5
  2660 | D:3      | Reached skill level 6 in Bows
  3420 | D:4      | Gained mutation: When hurt, damage is shared between your health and your magic reserves. [demonic ancestry]
  3420 | D:4      | Reached XP level 6. HP: 36/43 MP: 6/6
  3489 | D:4      | HP: 2/43 [killer bee (3)]
  3489 | D:4      | Slain by a killer bee

Action                   |  1- 3 |  4- 6 || total
-------------------------+-------+-------++-------
Melee: Short sword       |   130 |    20 ||   150
 Fire: Shortbow          |    35 |    52 ||    87
